 Seeded DCSS version 0.28-a0-309-gf6d37e6 (webtiles) character file.

Game seed: 2061854370878781050 (custom seed)

15757 Illumine the Destroyer (level 12, -1/71 HPs)
             Began as a Tengu Fire Elementalist on Aug 29, 2021.
             Was an Elder of Vehumet.
             Killed from afar by an efreet (10 damage)
             ... with a fireball
             ... in a volcano.
             The game lasted 00:53:57 (20667 turns).

Illumine the Destroyer (Tengu Fire Elementalist)   Turns: 20667, Time: 00:53:58

Health: -1/71      AC:  6    Str: 10    XL:     12   Next: 30%
Magic:  13/35      EV: 17    Int: 19    God:    Vehumet [****..]
Gold:   357        SH:  0    Dex: 15    Spells: 5/30 levels left

rFire   + . .      SeeInvis .   D - staff of fire
rCold   . . .      Faith    .   (no shield)
rNeg    . . .      Spirit   .   a - +1 robe {Will+}
rPois   .          Reflect  .   (helmet restricted)
rElec   .          Harm     .   u - +2 cloak
rCorr   .          Rampage  .   (no gloves)
Will    +....                   (boots unavailable)
Stlth   ++........              (no amulet)
HPRegen 0.21/turn               l - ring of wizardry
MPRegen 0.24/turn               H - ring of magical power

@: about to teleport, flying quickly and evasively, quick
A: beak, talons 3, nimble flight
a: Renounce Religion


You were in a volcano.
You worshipped Vehumet.
Vehumet was greatly pleased with you.
You visited 3 branches of the dungeon, and saw 13 of its levels.
You also visited: Bailey and Volcano.

You collected 643 gold pieces.
You spent 286 gold pieces at shops.

Inventory:

Hand Weapons
 o - a +0 hunting sling
 t - a +1 dagger of electrocution
 E - the +7 fustibalus "Killer Bee's Foe" {vorpal, Will++ Dex+2 Stlth+}
   (You found it in a bailey)

   Any ammunition fired from it inflicts extra damage upon your enemies.
   Dex:       It affects your dexterity (+2).
   Will:      It greatly increases your willpower.
   Stlth:     It makes you more stealthy.
Missiles
 f - 537 stones
 p - 30 poisoned darts (quivered)
 L - 5 throwing nets
 M - 5 curare-tipped darts
Armour
 a - a +1 robe of willpower (worn)
 g - a +3 leather armour
 k - +0 acid dragon scales
 u - a +2 cloak (worn)
Magical Staves
 D - a staff of fire (weapon)
Jewellery
 l - a ring of wizardry (left hand)
 H - a ring of magical power (right hand)
 K - a +4 ring of evasion
 P - a +4 ring of protection
Wands
 x - a wand of digging (6)
 F - a wand of mindburst (5)
 I - a wand of iceblast (9)
Scrolls
 c - a scroll of silence {unknown}
 e - 2 scrolls of magic mapping
 j - a scroll of fog {unknown}
 n - a scroll of noise {unknown}
 q - 4 scrolls of teleportation
 r - 5 scrolls of enchant weapon {unknown}
 v - 5 scrolls of blinking
 w - a scroll of vulnerability {unknown}
 y - a scroll of holy word {unknown}
 z - 4 scrolls of enchant armour {unknown}
 A - a scroll of fear {unknown}
 C - a scroll of summoning {unknown}
 J - a scroll of amnesia {unknown}
 O - a scroll of torment {unknown}
Potions
 b - 7 potions of attraction
 d - 3 potions of curing
 h - 6 potions of lignification
 i - 4 potions of mutation
 s - a potion of ambrosia {unknown}
 B - a potion of haste {unknown}
 G - a potion of brilliance {unknown}
Miscellaneous
 N - a phantom mirror


   Skills:
 + Level 6.8 Fighting
 - Level 2.1 Short Blades
 + Level 5.0 Staves
 - Level 5.0 Armour
 + Level 6.1 Dodging
 - Level 2.0 Stealth
 * Level 9.6 Spellcasting
 + Level 9.6 Conjurations
 - Level 3.4 Translocations
 + Level 8.7 Fire Magic
 + Level 4.7 Air Magic
 + Level 4.5 Evocations


You had 5 spell levels left.
You knew the following spells:

 Your Spells              Type           Power      Damage    Failure   Level
a - Foxfire               Conj/Fire      100%       2x1d9     1%          1
b - Conjure Flame         Conj/Fire      60%        6-21      1%          3
c - Sticky Flame          Conj/Fire      60%        2d8       1%          4
d - Fireball              Conj/Fire      30%        3d13      1%          5
e - Apportation           Tloc           44%        N/A       1%          1
f - Static Discharge      Conj/Air       36%        N/A       1%          2
g - Swiftness             Air            27%        N/A       1%          3
h - Blink                 Tloc           N/A        N/A       1%          2
i - Airstrike             Air            13%        N/A       1%          4

Your spell library contained the following spells:

 Spells                   Type           Power      Damage    Failure   Level
 Yara's Violent Unravell  Hex/Tmut       4%         3d4       22%         5
 Shock                    Conj/Air       100%       1d9       1%          1
 Dazzling Flash           Conj/Hex       54%        N/A       1%          3
 Inner Flame              Hex/Fire       38%        N/A       1%          3
 Gell's Gravitas          Tloc           11%        N/A       2%          3
 Lesser Beckoning         Tloc           22%        N/A       2%          3
 Teleport Other           Tloc           22%        N/A       2%          3
 Animate Skeleton         Necr           18%        N/A       3%          1
 Pain                     Necr           36%        1d5       3%          1
 Summon Small Mammal      Summ           36%        N/A       3%          1
 Irradiate                Conj/Tmut      13%        3d18      3%          5
 Olgreb's Toxic Radiance  Pois           9%         N/A       9%          4
 Call Canine Familiar     Summ           9%         N/A       10%         3
 Ozocubu's Armour         Ice            9%         N/A       10%         3
 Summon Guardian Golem    Hex/Summ       9%         N/A       10%         3
 Vampiric Draining        Necr           4%         2d6       10%         3
 Manifold Assault         Tloc           22%        N/A       21%         5
 Animate Armour           Summ/Erth      18%        N/A       30%         4
 Summon Ice Beast         Ice/Summ       9%         N/A       30%         4
 Silence                  Hex/Air        9%         N/A       32%         5
 Agony                    Necr           9%         N/A       61%         5
 Alistair's Intoxication  Tmut/Pois      6%         N/A       61%         5
 Blade Hands              Tmut           4%         N/A       61%         5
 Iron Shot                Conj/Erth      13%        9d3       17%         6
 Dispersal                Tloc           11%        N/A       71%         6
 Ignition                 Fire           29%        3d9       73%         8
 Invisibility             Hex            4%         N/A       99%         6
 Ozocubu's Refrigeration  Ice            4%         4d5       99%         7
 Dragon Form              Tmut           4%         N/A       100%        7
 Monstrous Menagerie      Summ           4%         N/A       100%        7


Dungeon Overview and Level Annotations

Branches:
Dungeon (10/15)            Temple (1/1) D:7            Lair (2/6) D:8
 Spider (0/4) Lair:2       Bailey (visited)         Volcano (1/1)
  Swamp: Lair:2-4    Shoals: Lair:2-4       Orc: D:9-12

Altars:
Ashenzari
Dithmenos
Elyvilon
Fedhas
Gozag
Kikubaaqudgha
Makhleb
Nemelex Xobeh
Okawaru
Qazlal
Ru
Sif Muna
Trog
Uskayaw
Vehumet
Xom
Yredelemnul
Zin
The Shining One

Shops:
D:3 !   D:8 :

Portals:
Abyss: Lair:1

Annotations:
Lair:1 2 transporters, ObiWadeKenobi's ghost, journeyman TeBe


Innate Abilities, Weirdness & Mutations

You have a beak for a mouth.
You have claws for feet.
Your magical nature lets you fly swiftly and evasively.


Message History

You claw the fire elemental, but do no damage.
You peck the fire elemental, but do no damage.
The fire elemental is severely damaged.
The efreet gestures at you.
The bolt of fire hits the fire elemental.
The fire elemental completely resists.
The bolt of fire hits you! You resist.
* * * LOW HITPOINT WARNING * * *
The fire elemental completely misses you.
The efreet gestures at you.
The fireball explodes!
The fireball engulfs the fire elemental.
The fire elemental completely resists.
The fireball engulfs you. You resist.
* * * LOW HITPOINT WARNING * * *
The fire elemental hits you. The fire elemental burns you! You resist.
* * * LOW HITPOINT WARNING * * *
Unknown command.
As you read the scroll of teleportation, it crumbles to dust.
You feel strangely unstable. The fire elemental hits you.
The fire elemental burns you! You resist.
* * * LOW HITPOINT WARNING * * *
Save game and exit?
Welcome back, Illumine the Tengu Fire Elementalist.
Game seed: 2061854370878781050 (custom seed) Vehumet says: Let it end in hellfire!
Press ? for a list of commands and other information.
Okay, then.
Okay, then.
Aiming: Iceblast
Press: ? - help, Shift-Dir - straight line
Okay, then.
Unknown command.
Okay, then.
You feel better. The fire elemental barely misses you.
The fire elemental closely misses you. The efreet gestures at you.
The bolt of fire misses the fire elemental.
The bolt of fire misses you. The efreet gestures at you.
The fireball explodes!
The fireball engulfs you! You resist.
You die...

≈≈≈§§≈≈≈≈§§°≈§§§≈≈≈.≈≈≈≈≈≈§§§§≈≈≈
§≈§≈§§≈§≈≈≈≈≈≈≈≈≈≈≈≈≈§≈§≈≈§§§§≈..
§≈§≈≈§§§§≈≈≈°≈≈≈≈≈§§§≈§§≈≈≈≈≈≈...
§≈≈§≈§≈≈≈≈§≈°≈≈§≈≈§≈§≈≈≈≈≈.......
≈≈≈≈....§§§§9≈≈≈≈§§§≈≈≈§.........
≈≈≈......§≈§§R≈≈≈≈≈.§≈..........#
.....##...§..°............#######
..#######.....○........#### ..#
#.##.#.E@...#### ###
#############


You could see an efreet, a fire elemental and a gargoyle.

Vanquished Creatures
  Harold (D:8)
  A gargoyle (Volcano)
  Psyche (D:8)
  2 komodo dragons (Lair:1)
  A kobold demonologist (D:8)
  2 trolls (D:10)
  Sigmund (D:3)
  2 shadows
  6 wyverns
  3 wraiths
  29 yaks
  2 fire bats (Volcano)
  2 basilisks (D:8)
  5 vampire mosquitoes
  A steam dragon (D:10)
  3 acid dragons
  8 orc warriors
  A sky beast (D:6)
  6 water moccasins
  An ice beast (D:7)
  3 ogres
  5 centaurs
  7 kobold brigands (D:8)
  Blork the orc (D:5)
  2 bullfrogs
  2 scorpions
  A wyvern skeleton (D:7)
  2 wyvern zombies
  A water moccasin skeleton (D:5)
  19 wights
  A vampire bat (D:9)
  6 howler monkeys
  5 jellies
  5 lava snakes (Volcano)
  4 centaur zombies
  A bullfrog zombie (D:6)
  4 hounds
  5 orc priests
  A centaur skeleton (D:6)
  Crazy Yiuf (D:3)
  A bullfrog skeleton (D:6)
  Jessica (D:1)
  6 iguanas
  2 orc wizards (D:8)
  2 hound zombies (D:5)
  Robin (D:2)
  3 hound skeletons
  A howler monkey zombie (D:8)
  6 adders
  A howler monkey skeleton (D:7)
  8 gnolls
  3 shadow imps
  2 white imps (D:7)
  An adder skeleton (D:5)
  5 dart slugs
  25 orcs
  9 bats
  9 endoplasms
  5 giant cockroaches
  11 goblins
  12 hobgoblins
  7 quokkas
  5 ball pythons
  5 frilled lizards
  47 kobolds
  8 kobold skeletons (D:8)
  8 kobold zombies (D:8)
  9 rats
357 creatures vanquished.

Vanquished Creatures (collateral kills)
  A foxfire (Lair:1)
1 creature vanquished.

Vanquished Creatures (others)
  1132 foxfires
  8 fungi
  15 plants
1155 creatures vanquished.

Grand Total: 1513 creatures vanquished

Notes
Turn   | Place    | Note
-------+----------+-------------------------------------------
     0 | D:1      | Illumine the Tengu Fire Elementalist began the quest for
                  | the Orb.
     0 | D:1      | Reached XP level 1. HP: 10/10 MP: 4/4
   129 | D:1      | Reached XP level 2. HP: 15/15 MP: 1/6
   744 | D:1      | Reached XP level 3. HP: 19/19 MP: 4/7
   775 | D:1      | Learned a level 3 spell: Conjure Flame
  1202 | D:2      | Noticed Robin
  1212 | D:1      | Reached XP level 4. HP: 17/24 MP: 1/9
  1736 | D:2      | Noticed Jessica
  1755 | D:1      | Killed Jessica
  1756 | D:1      | Reached skill level 1 in Armour
  2360 | D:2      | Gained mutation: Your magical nature lets you fly swiftly
                  | and evasively. [Tengu growth]
  2360 | D:2      | Reached XP level 5. HP: 28/28 MP: 8/10
  2479 | D:2      | Killed Robin
  2963 | D:3      | Found a runed translucent door.
  2970 | D:3      | Noticed Crazy Yiuf
  3076 | D:3      | Noticed Sigmund
  3276 | D:4      | Learned a level 4 spell: Sticky Flame
  3812 | D:3      | Found Wedwor's Distillery.
  3915 | D:4      | Reached XP level 6. HP: 33/33 MP: 8/12
  4046 | D:4      | Reached skill level 1 in Fighting
  5745 | D:5      | Entered Level 5 of the Dungeon
  6052 | D:5      | Noticed a water moccasin
  6075 | D:5      | Reached XP level 7. HP: 39/39 MP: 10/14
  6147 | D:5      | Reached skill level 1 in Short Blades
  6147 | D:5      | Reached skill level 5 in Fire Magic
  6727 | D:4      | Reached skill level 5 in Conjurations
  6879 | D:5      | Reached XP level 8. HP: 45/45 MP: 13/16
  7104 | D:5      | Reached skill level 5 in Spellcasting
  7176 | D:5      | Noticed Blork the orc
  7191 | D:5      | Killed Blork the orc
  8639 | D:6      | Reached XP level 9. HP: 49/51 MP: 11/19
  9381 | D:6      | Reached skill level 5 in Armour
  9802 | D:7      | Found a basalt altar of Yredelemnul.
 10069 | D:7      | Found a staircase to the Ecumenical Temple.
 10081 | Temple   | Entered the Ecumenical Temple
 10207 | Temple   | Became a worshipper of Vehumet
 10326 | D:7      | Found a flagged portal.
 10335 | Bailey   | Entered a bailey
 10342 | Bailey   | Noticed an orc warlord
 10405 | Bailey   | Learned a level 5 spell: Fireball
 10598 | Bailey   | Found a runed translucent gate.
 10600 | Bailey   | Found a runed translucent gate.
 10601 | Bailey   | Found a runed translucent gate.
 10627 | Bailey   | Reached * piety under Vehumet
 10627 | Bailey   | Offered knowledge of Freeze by Vehumet.
 10894 | Bailey   | Identified the +7 fustibalus "Killer Bee's Foe" {vorpal,
                  | Will++ Dex+2 Stlth+}
 10940 | D:7      | Acquired Illumine's Disquisition on the Creative Voyage
 10942 | D:7      | Acquired a staff of fire
 11573 | D:3      | Killed Sigmund
 11861 | D:3      | Killed Crazy Yiuf
 11901 | D:3      | Learned a level 1 spell: Apportation
 12044 | D:8      | Reached XP level 10. HP: 58/58 MP: 17/22
 12055 | D:8      | Reached skill level 1 in Evocations
 12139 | D:8      | Reached skill level 1 in Staves
 12173 | D:8      | Reached skill level 5 in Fighting
 12231 | D:8      | Noticed Psyche
 12795 | D:8      | Reached skill level 1 in Translocations
 12825 | D:8      | Killed Psyche
 13336 | D:8      | Reached ** piety under Vehumet
 13341 | D:8      | Offered knowledge of Static Discharge by Vehumet.
 13481 | D:7      | Learned a level 2 spell: Static Discharge
 13505 | D:8      | Found Erphorghoe's Book Shop.
 13511 | D:8      | Bought a book of Air for 286 gold pieces
 13560 | D:8      | Learned a level 3 spell: Swiftness
 13799 | D:8      | Noticed Harold
 13904 | D:8      | Found a staircase to the Lair.
 14217 | D:8      | Reached skill level 1 in Air Magic
 14476 | D:8      | Learned a level 2 spell: Blink
 14488 | Lair:1   | Entered Level 1 of the Lair of Beasts
 14546 | D:8      | Reached XP level 11. HP: 53/64 MP: 11/24
 15555 | D:9      | Reached skill level 5 in Dodging
 16013 | D:9      | Offered knowledge of Poisonous Vapours by Vehumet.
 16166 | D:10     | Entered Level 10 of the Dungeon
 17054 | D:10     | Noticed a manticore
 17131 | D:8      | Reached *** piety under Vehumet
 17149 | D:8      | Killed Harold
 17282 | D:8      | Offered knowledge of Ignite Poison by Vehumet.
 17627 | D:8      | Reached **** piety under Vehumet
 17811 | D:8      | Found an ancient bone altar of Kikubaaqudgha.
 18006 | D:8      | Offered knowledge of Yara's Violent Unravelling by Vehumet.
 18035 | D:8      | Upgraded the game from 0.28-a0-308-ge87a164 to
                  | 0.28-a0-309-gf6d37e6
 18749 | Lair:1   | Reached XP level 12. HP: 71/71 MP: 26/26
 19216 | Lair:1   | Noticed ObiWadeKenobi's ghost (journeyman TeBe)
 19222 | Lair:1   | Found a one-way gate to the infinite horrors of the Abyss.
 19331 | Lair:1   | Found a transporter.
 19559 | Lair:1   | Found a transporter.
 19962 | Lair:1   | Noticed a quicksilver ooze
 20020 | Lair:2   | Found a dark tunnel.
 20029 | Volcano  | Entered a volcano
 20037 | Volcano  | Learned a level 4 spell: Airstrike
 20081 | Volcano  | Reached skill level 5 in Staves
 20637 | Volcano  | Found a radiant altar of Vehumet.
 20665 | Volcano  | HP: 1/71 [fire elemental (5)]
 20667 | Volcano  | Killed from afar by an efreet

Illustrated notes

Levels and vault maps discovered:
D:1:      heliophobic_arrival_glass_houses, layout_loops_ring
D:2:      layout_basic, uniq_jessica, uniq_robin
D:3:      layout_basic, serial_shops, nicolae_shop_trees,
          minmay_misc_feat_enclosed, hangedman_decor_lopped, uniq_sigmund,
          uniq_crazy_yiuf_cottage
D:4:      layout_basic, minmay_crossroads
D:5:      cheibrodos_fzero, layout_basic, uniq_blork_the_orc
D:6:      layout_basic, minmay_misc_feat_columns
D:7:      layout_rooms, overflow_temple_1_default,
          minmay_temple_entry_nine_rooms, enter_bailey_8
D:8:      wander_kiku_kobolds, layout_basic, minmay_lair_entry_grove,
          serial_shops, shop, uniq_psyche, uniq_harold
D:9:      layout_basic, roderic_batcave
D:10:     layout_rooms, kennysheep_generic_room_16
Temple:   kilobyte_greek_temple
Lair:1:   layout_cave_pods, gammafunk_ghost_abyssal_escape, lemuel_fruit_tree
Lair:2:   layout_chaotic_city, dummy_spider_entry,
          nicolae_volcano_entry_two_sided, grunt_megastairs_3
Volcano:  volcano_lake [vl_original]

Skill      XL: |  1  2  3  4  5  6  7  8  9 10 11 12 |
---------------+-------------------------------------+-----
Conjurations   | 2 3 4 5 6 7 8 9 |  9.6
Fire Magic     | 4 5 6 7 8 |  8.7
Armour         | 1 2 3 4 5 |  5.0
Spellcasting   | 3 4 6 7 8 9 |  9.6
Fighting       | 1 2 3 4 5 6 |  6.8
Short Blades   | 1 2 |  2.1
Dodging        | 3 4 5 6 |  6.1
Evocations     | 2 4 |  4.5
Staves         | 3 4 5 |  5.0
Translocations | 2 3 |  3.4
Air Magic      | 1 4 |  4.7
Stealth        | |  2.0

Action                   |  1- 3 |  4- 6 |  7- 9 | 10-12 || total
-------------------------+-------+-------+-------+-------++-------
Melee: Dagger            |    10 |     6 |    34 |       ||    50
       Kick              |     2 |     1 |    11 |    19 ||    33
       Peck              |     1 |     1 |     4 |    12 ||    18
       Morningstar       |       |     1 |       |       ||     1
       Staff             |       |       |       |    63 ||    63
 Fire: Fustibalus        |       |       |     2 |       ||     2
Throw: Dart              |       |     3 |     1 |       ||     4
 Cast: Foxfire           |    51 |   133 |   203 |   265 ||   652
       Sticky Flame      |       |       |    25 |    78 ||   103
       Conjure Flame     |       |       |     1 |       ||     1
       Fireball          |       |       |       |    21 ||    21
       Blink             |       |       |       |     1 ||     1
       Static Discharge  |       |       |       |     1 ||     1
       Airstrike         |       |       |       |    19 ||    19
Evoke: Wand              |       |       |       |     3 ||     3
  Use: Scroll            |     1 |     3 |     5 |     4 ||    13
       Potion            |     1 |       |       |     3 ||     4
 Stab: Sleeping          |       |     1 |     1 |       ||     2
Armor: Robe              |     7 |    11 |     2 |    47 ||    67
       Leather armour    |       |       |    15 |       ||    15
Dodge: Dodged            |    30 |    47 |    91 |   232 ||   400

Table legend: (Time is in decaauts)
 A = Elapsed time spent in this place.
 B = Non-inter-level travel time spent in this place.
 C = Inter-level travel time spent in this place.
 D = Time resting spent in this place.
 E = Time spent auto-exploring this place.
 F = Levels seen in this place.
 G = Mean time per level.
                   A        B        C        D        E       F      G
               +--------+--------+--------+--------+--------+-----+--------+
         Total |  19835 |  18983 |    852 |   6602 |   8147 |  15 | 1322.3 |
       Dungeon |  16955 |  16183 |    772 |   5724 |   6999 |  10 | 1695.5 |
        Temple |    152 |    123 |     29 |      0 |    113 |   1 |  152.0 |
          Lair |   1571 |   1521 |     50 |    566 |    677 |   2 |  785.5 |
        Bailey |    544 |    544 |      0 |    198 |      0 |   1 |  544.0 |
       Volcano |    611 |    611 |      0 |    114 |    357 |   1 |  611.0 |
               +--------+--------+--------+--------+--------+-----+--------+

Top non-repeatable levels by time:
     D:8: 2632 daAuts
     D:5: 1979 daAuts
     D:1: 1898 daAuts
     D:4: 1801 daAuts
     D:6: 1729 daAuts
     D:7: 1724 daAuts
     D:9: 1645 daAuts
     D:3: 1631 daAuts
  Lair:1: 1530 daAuts
     D:2: 989 daAuts
    D:10: 924 daAuts
 Volcano: 611 daAuts
  Bailey: 544 daAuts
  Temple: 152 daAuts
  Lair:2: 41 daAuts
